 Dungeon Crawl Stone Soup version 0.23.1-37-gaa34b87b72 (webtiles) character file.

Game seed: 3191091228858295144

70 Marnok the Shield-Bearer (level 4, -4/54 HPs)
             Began as a Human Fighter on Mar 19, 2019.
             Killed by divine providence
             ... invoked by an orc priest
              (8 damage)
             ... on level 2 of the Dungeon.
             The game lasted 00:09:27 (1491 turns).

Marnok the Shield-Bearer (Human Fighter)            Turns: 1491, Time: 00:09:29

Health: -4/54      AC: 22    Str: 15 (16) XL:     4   Next: 45%
Magic:  4/4        EV:  2    Int:  5 (8)  God:
Gold:   63         SH:  0    Dex: 13 (14) Spells: 3/3 levels left

rFire    + . .     SeeInvis .   a - +1 long sword
rCold    . . .     Gourm    .   c - +1 shield
rNeg     + + +     Faith    .   (armour currently unavailable)
rPois    +         Spirit   .   (helmet currently unavailable)
rElec    .         Reflect  .   (cloak currently unavailable)
rCorr    .         Harm     .   (gloves currently unavailable)
MR       .....     NoTele   +   (boots currently unavailable)
Stlth    +.........             (no amulet)
HPRegen  0.18/turn              j - ring of positive energy
MPRegen  0.09/turn              n - ring of protection from fire

@: confused, tree-form
A: no striking features
a: no special abilities


You were on level 2 of the Dungeon.
You were not hungry.
You were a tree.
You visited 1 branch of the dungeon, and saw 3 of its levels.

You collected 63 gold pieces.

Inventory:

Hand Weapons
 a - a +1 long sword (weapon)
 u - a +1 dagger of draining
Armour
 b - a +0 scale mail
 c - a +1 shield (worn)
 o - a +1 animal skin (melded)
 p - a +1 helmet (melded)
 s - a +0 pair of boots (melded)
Jewellery
 e - an uncursed ring of fire {unknown}
 j - a ring of positive energy (left branch)
 n - a ring of protection from fire (right branch)
 q - an uncursed ring of flight
Scrolls
 h - 2 scrolls of identify
 k - a scroll of enchant weapon
 m - a scroll of remove curse
Potions
 t - a potion of resistance
Comestibles
 d - 8 chunks of flesh
 f - 4 rations


   Skills:
 + Level 3.6 Fighting
 + Level 2.4 Long Blades
 + Level 3.4 Armour
 + Level 3.8 Shields


You had 3 spell levels left.
You didn't know any spells.
Your spell library contained the following spells:

 Spells                   Type           Power        Failure   Level  Hunger
 Corona                   Hex            #......      92%         1    ##.....
 Ensorcelled Hibernation  Hex/Ice        #.....       98%         2    ###....
 Confuse                  Hex            #.......     100%        3    ####...
 Dazzling Spray           Conj/Hex       #.....       100%        3    ####...
 Tukima's Dance           Hex            #.......     100%        3    ####...


Dungeon Overview and Level Annotations

Branches:
Dungeon (3/15)

Altars:


Message History

The scroll dissolves into smoke.
You block something's attack.
The orc priest hits you with a +0 morningstar.
* * * LOW HITPOINT WARNING * * *
The rat barely misses you. The orc warrior barely misses you.
You riposte.
You barely miss the orc warrior.
You hear some strange, mumbled words.
You are confused.
The orc priest misses you.
It was a potion of lignification.
You turn into a tree.
Your +1 helmet melds into your body.
Your +0 pair of boots melds into your body.
Your +1 animal skin melds into your body.
Your roots penetrate the ground.
The rat bites you but does no damage.
It was a potion of degeneration.
There was something very wrong with that liquid.
You feel weakened.
You feel dopey.
You feel clumsy. The rat bites you but does no damage.
Something hits you but does no damage.
The orc priest calls down the wrath of Beogh upon you.
Beogh smites you!
You die...

.##.........#.##..## ..
.###.........##....##...
.# #............†.......
.# #..........§.§§§...!.
.###.........##§o§§##...
............#.##§§##
.>.....)...#.#.#oo#
####.......##.#§or§#
####......#.##..♣{§§#
.........#.#.....§§§..
####.....##............
#....#........§§..... ..
##....................
....##
#..............###.##.
..?...
##....###......###..
#.....##........#.##
##....##..........K.


You could see an orc warrior, an orc priest, an orc and a rat.

Vanquished Creatures
  Robin (D:2)
  An adder (D:2)
  A dart slug (D:1)
  14 goblins
  10 hobgoblins
  2 jackals (D:2)
  A kobold (D:2)
  2 quokkas (D:2)
  3 bats
  2 frilled lizards
  6 rats
43 creatures vanquished.

Notes
Turn   | Place    | Note
-------+----------+-------------------------------------------
     0 | D:1      | Marnok the Human Fighter began the quest for the Orb.
     0 | D:1      | Reached XP level 1. HP: 18/18 MP: 1/1
   157 | D:1      | Reached XP level 2. HP: 24/24 MP: 2/2
   678 | D:1      | Reached XP level 3. HP: 29/29 MP: 3/3
  1366 | D:2      | Noticed Robin
  1374 | D:2      | Killed Robin
  1374 | D:2      | Reached XP level 4. HP: 33/35 MP: 4/4
  1473 | D:2      | Noticed an orc warrior
  1491 | D:2      | Killed from afar by an orc priest

Action                   |  1- 3 |  4- 6 || total
-------------------------+-------+-------++-------
Melee: Long sword        |    76 |    28 ||   104
  Use: Scroll            |    10 |     1 ||    11
       Potion            |     1 |     2 ||     3
  Eat: Chunk             |       |     2 ||     2
Armor: Scale mail        |    32 |     8 ||    40
       Animal skin       |       |     6 ||     6
       Skin              |       |     3 ||     3
Dodge: Dodged            |    21 |    17 ||    38
Block: Shield            |    46 |    20 ||    66
       Rpst.: Long sword |     8 |     4 ||    12
